MWL (24 & UNDER)
PLUMSTEAD EAGLES @ LITTLE ROCK LEMMIWINKS
04/10/2029
 
TOP OF THE 1ST
Plumstead Eagles batting - Pitching for Little Rock Lemmiwinks : RHP Albert Castro
Pitching: RHP Albert Castro
Batting: LHB Dennis McConnell 0-0: Ball
1-0: Foul Ball, location: 2F
1-1: Foul Ball, location: 2F
1-2: Strikes out looking
Batting: SHB Joaquín Gilera 0-0: Called Strike
0-1: Ball
1-1: Called Strike
1-2: Foul Ball, location: 2F
1-2: Strikes out swinging
Batting: RHB Matt Thompson 0-0: Called Strike
0-1: Swinging Strike
0-2: Fly out, F7 (Flyball, 78S)
Top of the 1st over - 0 runs, 0 hits, 0 errors, 0 left on base; Plumstead 0 - Little Rock 0
BOTTOM OF THE 1ST
Little Rock Lemmiwinks batting - Pitching for Plumstead Eagles : RHP Jesús Germán
Pitching: RHP Jesús Germán
Batting: LHB Horace Kramer 0-0: Ball
1-0: Called Strike
1-1: Bunt missed!
1-2: Strikes out swinging
Batting: RHB José Rodríguez 0-0: Ball
1-0: Ball
2-0: Ground out 4-3 (Groundball, 4)
Batting: LHB Stanley Smith 0-0: Ball
1-0: Called Strike
1-1: Ball
2-1: SINGLE (Groundball, 34D)
Batting: LHB Pedro Escobar 0-0: Ball
Stanley Smith steals 2nd base
1-0: Called Strike
1-1: Called Strike
1-2: Foul Ball, location: 2F
1-2: Ground out 4-3 (Groundball, 4)
Bottom of the 1st over - 0 runs, 1 hit, 0 errors, 1 left on base; Plumstead 0 - Little Rock 0
TOP OF THE 2ND
Plumstead Eagles batting - Pitching for Little Rock Lemmiwinks : RHP Albert Castro
Batting: RHB Edmund Swanson 0-0: Ball
1-0: Ground out 5-3 (Groundball, 56)
Batting: LHB Ryan Flynn 0-0: Swinging Strike
0-1: Foul Ball, location: 2F
0-2: Strikes out swinging
Batting: RHB Carlos Palomón 0-0: Ground out 6-3 (Groundball, 6)
Top of the 2nd over - 0 runs, 0 hits, 0 errors, 0 left on base; Plumstead 0 - Little Rock 0
BOTTOM OF THE 2ND
Little Rock Lemmiwinks batting - Pitching for Plumstead Eagles : RHP Jesús Germán
Batting: RHB Ánibal Soto 0-0: Ball
1-0: Ball
2-0: Foul Ball, location: 2F
2-1: Ball
3-1: Base on Balls
Batting: LHB Greg MacCanish 0-0: Ball
1-0: Called Strike
1-1: Ball
2-1: Swinging Strike
2-2: Ball
3-2: Foul Ball, location: 2F
3-2: Base on Balls
Ánibal Soto to second
Batting: RHB Roberto Valdéz 0-0: Ball
1-0: Fly out, F6 (Popup, 4MD)
Batting: RHB Palmer Frazier 0-0: Called Strike
0-1: Called Strike
0-2: Foul Ball, location: 2F
0-2: Strikes out looking
Batting: RHB Norberto Gallardo 0-0: Ball
1-0: Fly out, F8 (Line Drive, 78D)
Bottom of the 2nd over - 0 runs, 0 hits, 0 errors, 2 left on base; Plumstead 0 - Little Rock 0
TOP OF THE 3RD
Plumstead Eagles batting - Pitching for Little Rock Lemmiwinks : RHP Albert Castro
Batting: LHB Ramón Morán 0-0: Swinging Strike
0-1: Swinging Strike
0-2: Ball
1-2: Ball
2-2: Ball
3-2: Foul Ball, location: 2F
3-2: Strikes out looking
Batting: SHB Travis Martin 0-0: Ball
1-0: Ball
2-0: Called Strike
2-1: Ball
3-1: SINGLE (Line Drive, 34D)
Batting: RHB Wilson Durán 0-0: Swinging Strike
0-1: Foul Ball, location: 2F
0-2: Strikes out looking
Batting: LHB Dennis McConnell 0-0: Called Strike
0-1: Ball
1-1: Fielders Choice at 2nd, 5-4 (Groundball, 56)
Top of the 3rd over - 0 runs, 1 hit, 0 errors, 1 left on base; Plumstead 0 - Little Rock 0
BOTTOM OF THE 3RD
Little Rock Lemmiwinks batting - Pitching for Plumstead Eagles : RHP Jesús Germán
Batting: LHB Horace Kramer 0-0: Ball
1-0: Ball
2-0: Ball
3-0: Called Strike
3-1: Called Strike
3-2: Foul Ball, location: 2F
3-2: Foul Ball, location: 2F
3-2: Base on Balls
Batting: RHB José Rodríguez 0-0: SINGLE (Groundball, 4D)
Horace Kramer to second
Runner from 2nd tries for 3rd, OUT!
José Rodríguez to second
Batting: LHB Stanley Smith 0-0: Ground out 4-3 (Groundball, 4)
José Rodríguez to third
Batting: LHB Pedro Escobar 0-0: Called Strike
0-1: Called Strike
0-2: Ball
1-2: Ball
2-2: Ball
3-2: SINGLE (Line Drive, 8RS)
José Rodríguez scores
Batting: RHB Ánibal Soto 0-0: Called Strike
Pedro Escobar steals 2nd base
0-1: Ball
1-1: SINGLE (Line Drive, 9S)
Pedro Escobar to third
Runner from 3rd tries for Home, SAFE, throw made home
Batting: LHB Greg MacCanish 0-0: Called Strike
0-1: Foul Ball, location: 2F
0-2: Foul Ball, location: 2F
0-2: Foul Ball, location: 2F
0-2: Ball
1-2: SINGLE (Groundball, 3D)
Ánibal Soto to second
Runner from 2nd tries for 3rd, OUT!
Bottom of the 3rd over - 2 runs, 4 hits, 0 errors, 1 left on base; Plumstead 0 - Little Rock 2
TOP OF THE 4TH
Plumstead Eagles batting - Pitching for Little Rock Lemmiwinks : RHP Albert Castro
Batting: SHB Joaquín Gilera 0-0: Ball
1-0: SINGLE (Line Drive, 3D)
Batting: RHB Matt Thompson 0-0: Ball
Wild Pitch!
Joaquín Gilera to second
1-0: Ground out 5-3 (Groundball, 5L)
Batting: RHB Edmund Swanson 0-0: Ball
1-0: SINGLE (Groundball, 56D)
Joaquín Gilera to third
Batting: LHB Ryan Flynn 0-0: Ball
1-0: Ball
2-0: Ball
3-0: Called Strike
3-1: Base on Balls
Edmund Swanson to second
Batting: RHB Carlos Palomón 0-0: TRIPLE (Line Drive, 89XD)
Joaquín Gilera scores
Edmund Swanson scores
Ryan Flynn scores
Batting: LHB Ramón Morán 0-0: SINGLE (Line Drive, 8LS)
Carlos Palomón scores
Batting: SHB Travis Martin 0-0: Called Strike
Ramón Morán steals 2nd base
0-1: Called Strike
Ramón Morán steals 3rd base
0-2: Ball
1-2: Ball
2-2: Foul Ball, location: 2F
2-2: Foul Ball, location: 2F
2-2: Ball
3-2: Base on Balls
Batting: RHB Wilson Durán 0-0: Ball
Travis Martin is caught stealing 2nd base
1-0: Foul Ball, location: 2F
1-1: Foul Ball, location: 2F
1-2: Ball
2-2: Foul Ball, location: 2F
2-2: Fly out, F9 (Flyball, 9LM)
Top of the 4th over - 4 runs, 4 hits, 0 errors, 1 left on base; Plumstead 4 - Little Rock 2
BOTTOM OF THE 4TH
Little Rock Lemmiwinks batting - Pitching for Plumstead Eagles : RHP Jesús Germán
Batting: RHB Roberto Valdéz 0-0: Ground out 6-3 (Groundball, 6MS)
Batting: RHB Palmer Frazier 0-0: Ball
1-0: Foul Ball, location: 2F
1-1: SINGLE (Line Drive, 7)
Batting: RHB Norberto Gallardo 0-0: Ball
1-0: Ball
2-0: Swinging Strike
2-1: Swinging Strike
2-2: Strikes out looking
Batting: LHB Horace Kramer 0-0: Ball
1-0: Ball
2-0: Ball
3-0: Base on Balls
Palmer Frazier to second
Batting: RHB José Rodríguez 0-0: Ball
1-0: Foul Ball, location: 2F
1-1: Swinging Strike
1-2: Strikes out looking
Bottom of the 4th over - 0 runs, 1 hit, 0 errors, 2 left on base; Plumstead 4 - Little Rock 2
TOP OF THE 5TH
Plumstead Eagles batting - Pitching for Little Rock Lemmiwinks : RHP Albert Castro
Batting: LHB Dennis McConnell 0-0: Ball
1-0: Foul Ball, location: 2F
1-1: SINGLE (Line Drive, 7LS)
Batting: SHB Joaquín Gilera 0-0: Fly out, F8 (Flyball, 89S)
Batting: RHB Matt Thompson 0-0: Ball
1-0: Called Strike
1-1: Ball
Dennis McConnell steals 2nd base
2-1: Ground out 4-3 (Groundball, 4S)
Dennis McConnell to third
Pitching: LHP José Aragón
Batting: RHB Edmund Swanson 0-0: SINGLE (Line Drive, 8RS)
Dennis McConnell scores
Batting: LHB Ryan Flynn 0-0: Foul Ball, location: 2F
0-1: Called Strike
0-2: Ball
1-2: Strikes out swinging
Top of the 5th over - 1 run, 2 hits, 0 errors, 1 left on base; Plumstead 5 - Little Rock 2
BOTTOM OF THE 5TH
Little Rock Lemmiwinks batting - Pitching for Plumstead Eagles : RHP Jesús Germán
Batting: LHB Stanley Smith 0-0: Ground out 4-3 (Groundball, 4MD)
Batting: LHB Pedro Escobar 0-0: Ball
1-0: Ball
2-0: Foul Ball, location: 2F
2-1: Ball
3-1: Base on Balls
Batting: RHB Ánibal Soto 0-0: Called Strike
0-1: Called Strike
0-2: SINGLE (Line Drive, 34D)
Pedro Escobar to second
Batting: LHB Greg MacCanish 0-0: Foul Ball, location: 2F
0-1: SINGLE (Line Drive, 8RS)
Pedro Escobar to third
Ánibal Soto to second
Runner from 3rd tries for Home, SAFE, no throw
Batting: RHB Roberto Valdéz 0-0: Ball
1-0: Ball
2-0: Called Strike
2-1: Called Strike
2-2: Strikes out looking
Batting: RHB Palmer Frazier 0-0: Fly out, F8 (Line Drive, 89D)
Bottom of the 5th over - 1 run, 2 hits, 0 errors, 2 left on base; Plumstead 5 - Little Rock 3
TOP OF THE 6TH
Plumstead Eagles batting - Pitching for Little Rock Lemmiwinks : LHP José Aragón
Batting: RHB Carlos Palomón 0-0: Ground out U3 (Groundball, 3)
Batting: LHB Ramón Morán 0-0: Foul Ball, location: 2F
0-1: Foul Ball, location: 2F
0-2: Strikes out looking
Batting: SHB Travis Martin 0-0: Called Strike
0-1: SINGLE (Groundball, 34D)
Batting: RHB Wilson Durán 0-0: Called Strike
0-1: Ball
1-1: Called Strike
1-2: Ground out 5-3 (Groundball, 56)
Top of the 6th over - 0 runs, 1 hit, 0 errors, 1 left on base; Plumstead 5 - Little Rock 3
BOTTOM OF THE 6TH
Little Rock Lemmiwinks batting - Pitching for Plumstead Eagles : RHP Jesús Germán
Pitching: LHP Jake Davis
Batting: RHB Norberto Gallardo 0-0: Called Strike
0-1: Foul Ball, location: 2F
0-2: Strikes out swinging
Batting: LHB Horace Kramer 0-0: Foul Ball, location: 2F
0-1: Ball
1-1: Ball
2-1: Foul Ball, location: 2F
2-2: Fly out, F8 (Flyball, 89D)
Batting: RHB José Rodríguez 0-0: Ball
1-0: Ball
2-0: Swinging Strike
2-1: Ground out 6-3 (Groundball, 6)
Bottom of the 6th over - 0 runs, 0 hits, 0 errors, 0 left on base; Plumstead 5 - Little Rock 3
TOP OF THE 7TH
Plumstead Eagles batting - Pitching for Little Rock Lemmiwinks : LHP José Aragón
Batting: LHB Dennis McConnell 0-0: Called Strike
0-1: Called Strike
0-2: SINGLE (Line Drive, 7)
Batting: SHB Joaquín Gilera 0-0: Ball
1-0: Called Strike
1-1: Ball
2-1: Sac Bunt - play at first, batter OUT! 3-4
Dennis McConnell to second
Batting: RHB Matt Thompson 0-0: Ball
1-0: Called Strike
1-1: Called Strike
1-2: Foul Ball, location: 2F
1-2: Ground out 5-3 (Groundball, 5S)
Dennis McConnell to third
Batting: RHB Edmund Swanson 0-0: Ball
1-0: Ground out 6-3 (Groundball, 6)
Top of the 7th over - 0 runs, 1 hit, 0 errors, 1 left on base; Plumstead 5 - Little Rock 3
BOTTOM OF THE 7TH
Little Rock Lemmiwinks batting - Pitching for Plumstead Eagles : LHP Jake Davis
Batting: LHB Stanley Smith 0-0: Called Strike
0-1: Swinging Strike
0-2: Ball
1-2: Strikes out swinging
Batting: LHB Pedro Escobar 0-0: Called Strike
0-1: Ball
1-1: Fly out, F9 (Flyball, 9)
Batting: RHB Ánibal Soto 0-0: Ball
1-0: Called Strike
1-1: Foul Ball, location: 2F
1-2: Strikes out swinging
Bottom of the 7th over - 0 runs, 0 hits, 0 errors, 0 left on base; Plumstead 5 - Little Rock 3
TOP OF THE 8TH
Plumstead Eagles batting - Pitching for Little Rock Lemmiwinks : LHP José Aragón
Batting: LHB Ryan Flynn 0-0: Ball
1-0: Called Strike
1-1: Foul Ball, location: 2F
1-2: Foul Ball, location: 2F
1-2: Fly out, F9 (Flyball, 89D)
Batting: RHB Carlos Palomón 0-0: SOLO HOME RUN (Flyball, 9D), Distance : 378 ft
Batting: LHB Ramón Morán 0-0: Called Strike
0-1: Called Strike
0-2: Ground out 4-3 (Groundball, 4)
Batting: SHB Travis Martin 0-0: Called Strike
0-1: Foul Ball, location: 2F
0-2: Ball
1-2: Ball
2-2: Fly out, F4 (Popup, 4)
Top of the 8th over - 1 run, 1 hit, 0 errors, 0 left on base; Plumstead 6 - Little Rock 3
BOTTOM OF THE 8TH
Little Rock Lemmiwinks batting - Pitching for Plumstead Eagles : LHP Jake Davis
Batting: LHB Greg MacCanish 0-0: Ball
1-0: Ball
2-0: Ball
3-0: Base on Balls
Batting: RHB Roberto Valdéz 0-0: Ball
1-0: Ball
2-0: Called Strike
2-1: Foul Ball, location: 2F
2-2: SINGLE (Line Drive, 56D)
Greg MacCanish to second
Batting: RHB Palmer Frazier 0-0: Foul Ball, location: 2F
0-1: Foul Ball, location: 2F
0-2: Ball
1-2: Foul Ball, location: 2F
1-2: SINGLE (Groundball, 56D)
Greg MacCanish to third
Roberto Valdéz to second
Pitching: RHP Millard Manning
Pinch Hitting: RHB Germán Vargas 0-0: Ball
1-0: Called Strike
1-1: Ball
2-1: Ball
3-1: Fly out, F8 (Flyball, 8LD)
Runner from 3rd tags up, SCORES, throw made
Batting: LHB Horace Kramer 0-0: Called Strike
0-1: Foul Ball, location: 2F
0-2: Ball
1-2: Foul Ball, location: 2F
1-2: Foul Ball, location: 2F
1-2: Ball
2-2: Ball
3-2: Foul Ball, location: 2F
3-2: Foul Ball, location: 2F
3-2: SINGLE (Line Drive, 6MD)
Roberto Valdéz to third
Palmer Frazier to second
Pinch Hitting: LHB Lorenzo Féliz 0-0: Ball
1-0: Fly out, F8 (Line Drive, 8LS)
Runner from 3rd tags up, SCORES, no throw
Batting: LHB Stanley Smith 0-0: Ball
1-0: Foul Ball, location: 2F
1-1: Called Strike
1-2: Fly out, F8 (Flyball, 8RD)
Bottom of the 8th over - 2 runs, 3 hits, 0 errors, 2 left on base; Plumstead 6 - Little Rock 5
TOP OF THE 9TH
Plumstead Eagles batting - Pitching for Little Rock Lemmiwinks : LHP José Aragón
Now at 3B: Lorenzo Féliz
Batting: RHB Wilson Durán 0-0: Ball
Now at SS: Ernesto Villa 1-0: Foul Ball, location: 2F
1-1: DOUBLE (Groundball, 3L)
Pinch Hitting: RHB David Rodríguez 0-0: Intentional Walk
Pinch Hitting: RHB Lúcio Alfaro 0-0: Called Strike
0-1: Ball
1-1: Swinging Strike
1-2: Ball
2-2: Ball
3-2: Foul Ball, location: 2F
3-2: Foul Ball, location: 2F
3-2: Base on Balls
Wilson Durán to third
David Rodríguez to second
Batting: RHB Matt Thompson 0-0: Fly out, F9 (Flyball, 9LS)
Batting: RHB Edmund Swanson 0-0: Called Strike
0-1: Swinging Strike
0-2: Foul Ball, location: 2F
0-2: Ball
1-2: DOUBLE (Line Drive, 7LM)
Wilson Durán scores
David Rodríguez scores
Lúcio Alfaro to third
Pitching: LHP Walt MacKey
Batting: LHB Ryan Flynn 0-0: Swinging Strike
0-1: Swinging Strike
0-2: Strikes out looking
Batting: RHB Carlos Palomón 0-0: Ground out 6-3 (Groundball, 6M)
Top of the 9th over - 2 runs, 2 hits, 0 errors, 2 left on base; Plumstead 8 - Little Rock 5
BOTTOM OF THE 9TH
Little Rock Lemmiwinks batting - Pitching for Plumstead Eagles : RHP Millard Manning
Now at C: John Small
Now at SS: David Rodríguez
Batting: LHB Pedro Escobar 0-0: Called Strike
0-1: Called Strike
0-2: Strikes out swinging
Batting: RHB Ánibal Soto 0-0: Ball
1-0: Called Strike
1-1: Ball
2-1: Foul Ball, location: 2F
2-2: Foul Ball, location: 2F
2-2: SINGLE (Line Drive, 56D)
Batting: LHB Greg MacCanish 0-0: Called Strike
0-1: Ground out U3 (Groundball, 3S)
Ánibal Soto to second
Batting: RHB Roberto Valdéz 0-0: Fly out, F8 (Flyball, 8LM)
Bottom of the 9th over - 0 runs, 1 hit, 0 errors, 1 left on base; Plumstead 8 - Little Rock 5
Saturday, December 16th, 2017 - OOTP Baseball 18.8 Build 76